 Dungeon Crawl Stone Soup version 0.29-a0-495-g17b79114eb (webtiles) character file.

Game seed: 3801320736322017536

65 zeratav the Ruffian (level 3, -7/36 HPs)
             Began as a Troll Fighter on May 27, 2022.
             Mangled by an ogre
             ... wielding a +0 giant club
              (21 damage)
             ... on level 2 of the Dungeon.
             The game lasted 00:01:06 (696 turns).

zeratav the Ruffian (Troll Fighter)                  Turns: 696, Time: 00:01:06

Health: -7/36      AC:  4    Str: 26    XL:     3   Next: 94%
Magic:  2/2        EV:  8    Int:  4    God:
Gold:   93         SH:  7    Dex:  9    Spells: 2/2 levels left

rFire   . . .      SeeInvis .     - Unarmed
rCold   . . .      Faith    .   b - +0 kite shield
rNeg    . . .      Spirit   .   a - +0 robe
rPois   .          Reflect  .   (helmet restricted)
rElec   .          Harm     .   (no cloak)
rCorr   .          Rampage  .   (gloves unavailable)
Will    .....                   (boots unavailable)
Stlth   +.........              (no amulet)
HPRegen 0.92/turn               (no ring)
MPRegen 0.08/turn               (no ring)

@: no status effects
A: large, unfitting armour, claws 3, regeneration 1, shaggy fur 1, tough skin 1
a: no special abilities


You were on level 2 of the Dungeon.
You visited 1 branch of the dungeon, and saw 2 of its levels.

You collected 93 gold pieces.


Innate Abilities, Weirdness & Mutations

You are too large for most types of armour.
You have claws for hands.
Your natural rate of healing is unusually fast.
You are covered in fur. (AC +1)
You have tough skin. (AC +1)


   Skills:
 - Level 2.4 Fighting
 - Level 2.4 Dodging
 - Level 2.6 Shields
 + Level 4.3 Unarmed Combat


You had 2 spell levels left.
You didn't know any spells.
Your spell library was empty.

Inventory:

Armour
 a - a +0 robe (worn)
 b - a +0 kite shield (worn)
Scrolls
 d - 2 scrolls of identify {unknown}
 f - 2 scrolls of teleportation {unknown}
 h - a scroll of silence {unknown}
Potions
 c - a potion of might
 e - a potion of lignification {unknown}
 g - a potion of cancellation {unknown}
 i - a potion of haste {unknown}
 j - a potion of berserk rage {unknown}
 k - 2 potions of curing {unknown}

Dungeon Overview and Level Annotations

Branches:
Dungeon (2/15)

Altars:

...###..######..#..##......######
..........[......................
##..###...####.#.................
#.).....#...#..#..####.##..######
..#...........##..# #..#..#
.#........†.......# ##...##
....####.>........# ##..#
....#_^...........# ...#
..#.####.....###@## ..#.#
..##...#....####O....#.#..[
..#####.......##.###.... ###
........†...<.##.# ..
..#####...........
......#.......##.#
..........######.# .......####
#.. ......##


You could see an ogre.


Message History

No target in view!
No target in view!
No target in view!
No target in view!
No target in view!
No target in view!
No target in view!
No target in view!
No target in view!
No target in view!
No target in view!
No target in view!
No target in view!
Found a faded altar of an unknown god.
A worm comes into view.
A worm is nearby!
A ball python comes into view.
The ball python hisses angrily.
You scratch the worm. You claw the worm!
You kill the worm!
You scratch the ball python.
You kill the ball python!
No target in view!
No target in view!
No target in view!
No target in view!
No target in view!
No target in view!
No target in view!
No target in view!
No target in view!
No target in view!
No target in view!
No target in view!
No target in view!
No target in view!
No target in view!
No target in view!
No target in view!
No target in view!
No target in view!
Found a stone staircase leading up.
There is a stone staircase leading up here.
You see here 19 stones {throwing}.
A dart slug comes into view.
You mangle the dart slug!!
You kill the dart slug!
No target in view!
No target in view!
No target in view!
No target in view!
No target in view!
No target in view!
No target in view!
No target in view!
No target in view!
No target in view!
No target in view!
No target in view!
No target in view!
No target in view!
No target in view!
No target in view!
No target in view!
No target in view!
No target in view!
No target in view!
You see here a dart slug corpse.
You now have 73 gold pieces (gained 11).
d - 2 scrolls labelled FUEPLE AGUSURO (gained 1)
You see here 3 poisoned darts {throwing}.
Found a stone staircase leading down.
You now have 78 gold pieces (gained 5).
Found a stone staircase leading down.
There is a stone staircase leading down here.
You now have 93 gold pieces (gained 15).
k - 2 ruby potions No target in view!
An ogre comes into view. It is wielding a +0 giant club.
The ogre hits you with a +0 giant club.
HP[-6]
You take 6 damage, and now have 30/36 hp.
You claw the ogre! The ogre completely misses you.
HP[+1]
You barely miss the ogre.
HP[+1]
You scratch the ogre but do no damage. You block the ogre's attack.
HP[+1]
You scratch the ogre but do no damage.
The ogre hits you with a +0 giant club!!
Ouch! That really hurt!
* * * LOW HITPOINT WARNING * * *
HP[-20]
You take 20 damage, and now have 13/36 hp.
MASSIVE DAMAGE!! (PAUSE)
You scratch the ogre.
The ogre hits you with a +0 giant club!!
Ouch! That really hurt!
You die...

Skill      XL: |  1  2  3 |
---------------+----------+-----
Unarmed Combat | 3 4 |  4.3
Fighting       | |  2.4
Dodging        | |  2.4
Shields        | |  2.6

Action                   || total
-------------------------++-------
Melee: Unarmed           ||    98
Armor: Robe              ||    36
Dodge: Dodged            ||    35
Block: Kite shield       ||    39

Levels and vault maps discovered:
D:1:      ldierk_walled_garden, layout_rooms
D:2:      layout_rooms, hellmonk_ecumenical_altar_leap_of_faith

Notes
Turn   | Place    | Note
-------+----------+-------------------------------------------
     0 | D:1      | zeratav the Troll Fighter began the quest for the Orb.
     0 | D:1      | Reached XP level 1. HP: 22/22 MP: 0/0
     0 | D:1      | magus.rc [v1.9.6]
    60 | D:1      | Reached XP level 2. HP: 28/29 MP: 1/1
    70 | D:1      | Reached skill level 3 in Unarmed Combat
   165 | D:1      | Reached XP level 3. HP: 24/36 MP: 2/2
   447 | D:2      | Reached skill level 4 in Unarmed Combat
   478 | D:2      | Identified the +1 leather armour of the Endless Expanse
                  | {rN+ Will+ Str+2}
   511 | D:2      | Found a faded altar of an unknown god.
   688 | D:2      | Noticed an ogre
   696 | D:2      | Mangled by an ogre

Vanquished Creatures
  A gnoll (D:1)
  2 worms (D:2)
  A dart slug (D:2)
  4 ball pythons
  5 endoplasms
  A goblin (D:1)
  6 hobgoblins
  10 jackals (D:1)
  2 kobolds
  2 quokkas
  4 bats (D:1)
  2 frilled lizards (D:1)
  3 rats (D:1)
43 creatures vanquished.

Vanquished Creatures (others)
  5 toadstools (D:1)
5 creatures vanquished.

Grand Total: 48 creatures vanquished

Table legend:
 A = Non-vault XP
 B = Vault XP
 C = Vault XP percentage of total XP
 D = Non-vault monster count
 E = Vault monster count
 F = Vault count percentage of total count
                 A         B        C        D         E       F
            +---------+---------+-------+---------+---------+-------
      Total |      94 |       0 |   0.0 |      43 |       0 |   0.0
            +---------+---------+-------+---------+---------+-------
        D:1 |      66 |       0 |   0.0 |      32 |       0 |   0.0
        D:2 |      28 |       0 |   0.0 |      11 |       0 |   0.0
            +---------+---------+-------+---------+---------+-------

Illustrated notes

Table legend:
 A = Kills in this place as a percentage of kills in entire the game.
 B = Kills by you in this place as a percentage of kills by you in the entire game.
 C = Kills by friends in this place as a percentage of kills by friends in the entire game.
 D = Other kills in this place as a percentage of other kills in the entire game.
 E = Experience gained in this place as a percentage of experience gained in the entire game.
 F = Experience gained in this place divided by the number of levels of this place that you have seen.
                   A       B       C       D       E      F
               +-------+-------+-------+-------+-------+----------------------
         Total | 100.0 | 100.0 |   N/A |   N/A | 100.0 |  47.0
       Dungeon | 100.0 | 100.0 |   N/A |   N/A | 100.0 |  47.0
               +-------+-------+-------+-------+-------+----------------------

Table legend: (Time is in decaauts)
 A = Elapsed time spent in this place.
 B = Non-inter-level travel time spent in this place.
 C = Inter-level travel time spent in this place.
 D = Time resting spent in this place.
 E = Time spent auto-exploring this place.
 F = Levels seen in this place.
 G = Mean time per level.
                   A        B        C        D        E       F      G
               +--------+--------+--------+--------+--------+-----+--------+
         Total |    704 |    685 |     19 |      0 |    474 |   2 |  352.0 |
       Dungeon |    704 |    685 |     19 |      0 |    474 |   2 |  352.0 |
               +--------+--------+--------+--------+--------+-----+--------+

Top non-repeatable levels by time:
     D:1: 442 daAuts
     D:2: 261 daAuts
